 Dungeon Crawl Stone Soup version 0.23.2 (webtiles) character file.

Game seed: 2762887202866159275

141 myga the Chiller (level 5, -2/25 HPs)
             Began as a Vine Stalker Ice Elementalist on Apr 6, 2019.
             Slain by a mummy (12 damage)
             ... in an ossuary on Apr 7, 2019.
             The game lasted 00:26:57 (3097 turns).

myga the Chiller (Vine Stalker Ice Elementalist)    Turns: 3097, Time: 00:26:58

Health: -2/25      AC:  5    Str: 12    XL:     5   Next: 24%
Magic:  0/11       EV:  6    Int: 15    God:
Gold:   96         SH:  0    Dex: 16    Spells: 0/10 levels left

rFire    . . .     SeeInvis .   b - +2 quarterstaff (chaos)
rCold    + . .     Gourm    .   (shield currently unavailable)
rNeg     . . .     Faith    .   f - +1 robe
rPois    .         Spirit   +   (no helmet)
rElec    .         Reflect  .   h - +1 cloak
rCorr    .         Harm     .   (no gloves)
MR       .....                  (no boots)
Stlth    ++........             q - amulet of magic regeneration
HPRegen  0.48/turn              a - +2 ring of strength
MPRegen  0.37/turn              (no ring)

@: marked, very slightly contaminated, held
A: fangs 2, cold resistance 1, regeneration 1, wild magic 1, magic shield,
antimagic bite, no potion heal 3, rot immunity
a: no special abilities


You were in an ossuary.
You were hungry.

You visited 1 branch of the dungeon, and saw 4 of its levels.
You also visited: Ossuary.

You collected 96 gold pieces.

Inventory:

Hand Weapons
 b - a +2 quarterstaff of chaos (weapon)
Armour
 f - a +1 robe (worn)
 h - a +1 cloak (worn)
Jewellery
 a - a +2 ring of strength (left hand)
 q - an amulet of magic regeneration (around neck)
Scrolls
 g - a scroll of enchant armour
 i - a scroll of identify
 j - a scroll of magic mapping
 m - 2 scrolls of remove curse
 o - a scroll of amnesia
 p - 3 scrolls of immolation
Potions
 e - 3 potions of heal wounds
 k - 2 potions of curing
 l - a potion of resistance
Comestibles
 c - 4 rations
 n - 2 chunks of flesh


   Skills:
 + Level 0.3 Fighting
 + Level 1.2 Staves
 + Level 1.9 Dodging
 + Level 2.8 Stealth
 + Level 0.2 Unarmed Combat
 + Level 3.3 Spellcasting
 + Level 1.3 Conjurations
 + Level 0.1 Charms
 + Level 4.1 Ice Magic


You couldn't memorise any spells.
You knew the following spells:

 Your Spells              Type           Power        Failure   Level  Hunger
a - Freeze                Ice            ###.         6%          1    None
b - Throw Frost           Conj/Ice       ##....       14%         2    ##.....
c - Ozocubu's Armour      Chrm/Ice       ##......     32%         3    ###....
d - Summon Ice Beast      Ice/Summ       ##......     71%         4    ####...

Your spell library contained the following spells:

 Spells                   Type           Power        Failure   Level  Hunger
 Throw Icicle             Conj/Ice       ##......     61%         4    ####...


Dungeon Overview and Level Annotations

Branches:
Dungeon (4/15)             Temple (0/1) D:4

Altars:
Ru


Innate Abilities, Weirdness & Mutations

You have extremely sharp teeth.
Your natural rate of healing is unusually fast.
When hurt, damage is shared between your health and your magic reserves.
Your bite disrupts and absorbs the magic of your enemies.
Potions cannot restore your health.
You are immune to rotting.
Your flesh is cold resistant. (rC+)
Your spells are a little harder to cast, but a little more powerful.


Message History

Aim: a mummy The mummy resists.
You freeze the mummy.
The mummy is lightly damaged.
The big kobold zombie sets off the alarm!
The alarm trap emits a blaring wail!
The mark upon you grows brighter. The mummy drops a net on you.
A large net falls onto you!
Casting: Freeze (safe; 6% risk of failure)
Confirm with . or Enter, or press ? or * to list all spells.
Okay, then.
That would not heal you.
Casting: Freeze (safe; 6% risk of failure)
Confirm with . or Enter, or press ? or * to list all spells.
Okay, then.
Casting: Freeze (safe; 6% risk of failure)
Confirm with . or Enter, or press ? or * to list all spells.
You miscast Ozocubu's Armour.
Waves of light ripple over your body.
The big kobold zombie fails to trigger a net trap.
The mummy hits you!
You die...

#.......#
##.MM.Z##
#..(.Z^.#
##.....##
#.....^.#
##^M...##
##^^ZZ.##
#?..ZM.?#
#?...@.?#
#?.....?#
#!.....?#
##.....##
##...##
##∩## ##


You could see 4 mummies, a hobgoblin zombie and 4 big kobold zombies.

Vanquished Creatures
  Crazy Yiuf (D:2)
  A worker ant (D:4)
  2 adders (D:2)
  2 leopard geckos
  10 bats
  13 giant cockroaches
  7 goblins
  4 hobgoblins
  10 jackals
  A quokka (D:2)
  A ball python (D:2)
  6 kobolds
  4 rats
62 creatures vanquished.

Notes
Turn   | Place    | Note
-------+----------+-------------------------------------------
     0 | D:1      | myga the Vine Stalker Ice Elementalist began the quest for
                  | the Orb.
     0 | D:1      | Reached XP level 1. HP: 9/9 MP: 4/4
   236 | D:1      | Reached XP level 2. HP: 10/13 MP: 6/6
   556 | D:1      | Learned a level 2 spell: Throw Frost
  1131 | D:2      | Reached XP level 3. HP: 14/16 MP: 4/8
  1169 | D:2      | Gained mutation: Your flesh is cold resistant. (rC+)
                  | [potion of mutation]
  1169 | D:2      | Gained mutation: Your spells are a little harder to cast,
                  | but a little more powerful. [potion of mutation]
  1532 | D:2      | Learned a level 3 spell: Ozocubu's Armour
  1879 | D:2      | Gained mutation: Your natural rate of healing is unusually
                  | fast. [Vine Stalker growth]
  1879 | D:2      | Reached XP level 4. HP: 12/21 MP: 6/9
  1960 | D:2      | Found a runed translucent door.
  1961 | D:2      | Noticed Crazy Yiuf
  2224 | D:2      | Killed Crazy Yiuf
  2224 | D:2      | Reached skill level 4 in Ice Magic
  2796 | D:3      | Reached XP level 5. HP: 25/25 MP: 11/11
  2947 | D:3      | Found a sacrificial altar of Ru.
  2993 | D:3      | Learned a level 4 spell: Summon Ice Beast
  3001 | D:4      | Reached skill level 1 in Staves
  3018 | D:4      | Found a staircase to the Ecumenical Temple.
  3032 | D:4      | Found a sand-covered staircase.
  3059 | Ossuary  | Entered an ossuary
  3097 | Ossuary  | Slain by a mummy

Skill      XL: |  1  2  3  4  5 |
---------------+----------------+-----
Spellcasting   | 3 |  3.3
Ice Magic      | 4 |  4.1
Staves         | 1 |  1.2
Fighting       | |  0.3
Dodging        | |  1.9
Stealth        | |  2.8
Unarmed Combat | |  0.2
Conjurations   | |  1.3
Charms         | |  0.1

Action                   |  1- 3 |  4- 6 || total
-------------------------+-------+-------++-------
Melee: Unarmed           |    48 |     1 ||    49
       Bite              |    12 |     8 ||    20
       Quarterstaff      |       |    34 ||    34
 Cast: Freeze            |    36 |    19 ||    55
       Throw Frost       |    22 |    14 ||    36
       Ozocubu's Armour  |       |     1 ||     1
  Use: Scroll            |     6 |     5 ||    11
       Potion            |     4 |       ||     4
 Stab: Sleeping          |     1 |     3 ||     4
  Eat: Chunk             |     5 |     4 ||     9
Armor: Robe              |    17 |    14 ||    31
Dodge: Dodged            |    42 |    31 ||    73
